 Dungeon Crawl Stone Soup version 0.24.0-35-gdb84b6a5db (webtiles) character file.

Game seed: 11874019436854044838, levelgen mode: deterministic

23265 Flugslaktarn the Severer (level 12, 0/112 HPs)
             Began as a Minotaur Fighter on Nov 18, 2019.
             Was an Initiate of Gozag.
             Slain by an orc warrior
             ... wielding a +0 trident
             ... led by an orc warlord
              (6 damage)
             ... while paralysed by an orc sorcerer
             ... on level 2 of the Orcish Mines.
             The game lasted 00:08:51 (16253 turns).

Flugslaktarn the Severer (Minotaur Fighter)        Turns: 16253, Time: 00:08:52

Health: 0/112      AC: 16    Str: 26    XL:     12   Next: 70%
Magic:  11/11      EV:  2    Int:  5    God:    Gozag
Gold:   2664       SH:  0    Dex: 12    Spells: 11/11 levels left

rFire    . . .     SeeInvis .   n - +1 broad axe of Usit {venom, +Inv rPois rC+ Dex+2}
rCold    + . .     Gourm    +   c - +0 shield
rNeg     . . .     Faith    .   y - +0 plate armour
rPois    +         Spirit   .   (helmet restricted)
rElec    .         Reflect  .   (no cloak)
rCorr    .         Harm     .   g - +0 pair of gloves
MR       .....                  (no boots)
Stlth    ..........             f - amulet of the gourmand
HPRegen  0.28/turn              (no ring)
MPRegen  0.12/turn              (no ring)

@: paralysed, gold aura
A: retaliatory headbutt, horns 2
a: Potion Petition, Call Merchant, Bribe Branch, Renounce Religion, Evoke
Invisibility


You were on level 2 of the Orcish Mines.
You worshipped Gozag.
Gozag was most pleased with you.
You were not hungry.

You visited 3 branches of the dungeon, and saw 13 of its levels.
You also visited: Sewer.

You collected 3602 gold pieces.
You spent 315 gold pieces at shops.
You paid 623 gold pieces to Gozag.

Inventory:

Hand Weapons
 n - the +1 broad axe of Usit (weapon) {venom, +Inv rPois rC+ Dex+2}
   (You bought it in a shop on level 2 of the Orcish Mines)

   It poisons the flesh of those it strikes.
   It affects your dexterity (+2).
   It protects you from cold.
   It protects you from poison.
   It lets you turn invisible.
 A - a +2 war axe
   (You took it off a wight on level 7 of the Dungeon)
Missiles
 j - 2 throwing nets (quivered)
Armour
 c - a +0 shield (worn)
 g - a +0 pair of gloves (worn)
   (You found it on level 1 of the Dungeon)
 y - a +0 plate armour (worn)
   (You found it on level 7 of the Dungeon)
Jewellery
 f - an amulet of the gourmand (around neck)
   (You found it on level 6 of the Dungeon)
 k - an uncursed ring of ice
   (You found it on level 10 of the Dungeon)
Wands
 s - a wand of iceblast (5)
   (You found it in a sewer)
 v - a wand of digging (3)
   (You took it off Grinder on level 4 of the Dungeon)
Scrolls
 b - 8 scrolls of fog
 m - a scroll of immolation
 r - a scroll of identify
 t - 4 scrolls of teleportation
 u - a scroll of magic mapping
 w - a scroll of remove curse
 x - a scroll of enchant weapon
 D - a scroll of enchant armour {unknown}
Potions
 a - 4 potions of heal wounds
 d - 3 potions of might
 h - 5 potions of haste
 i - 2 potions of lignification
 l - 4 potions of brilliance
 o - 2 potions of cancellation
 p - 2 potions of flight
 q - 4 potions of curing
 B - a potion of ambrosia
 C - 13 potions of degeneration
 E - a potion of mutation {unknown}
Comestibles
 e - 15 rations


   Skills:
 + Level 11.9 Fighting
 * Level 15.6 Axes
 + Level 11.9 Armour
 + Level 11.9 Shields


You had 11 spell levels left.
You didn't know any spells.
Your spell library was empty.

Dungeon Overview and Level Annotations

Branches:
Dungeon (10/15)            Temple (0/1) D:5            Lair (1/6) D:9
    Orc (2/2) D:10          Sewer (visited)
    Elf: Orc:2

Altars:
Ashenzari
Cheibriados
Dithmenos
Elyvilon
Fedhas
Gozag
Okawaru
Qazlal
Sif Muna
Vehumet
Wu Jian
Xom
Yredelemnul
The Shining One

Shops:
D:10 =   Orc:1 [   Orc:2 (:*}


Innate Abilities, Weirdness & Mutations

You reflexively headbutt those who attack you in melee.
You have a pair of horns on your head.


Message History

The orc warrior hits you with a +0 battleaxe!!
The orc warrior hits you from afar with a +0 trident!
The warg bites you.
* * * LOW HITPOINT WARNING * * *
The orc warrior hits you but does no damage.
The orc sorcerer hits you but does no damage.
The orc warrior barely misses you.
You kill the orc sorcerer!
The warg bites you but does no damage.
The orc warrior hits you from afar with a +0 trident!!
* * * LOW HITPOINT WARNING * * *
The orc warrior throws a boomerang.
The boomerang hits you.
* * * LOW HITPOINT WARNING * * *
The weapon returns to the orc warrior!
The orc warrior becomes distracted by the nearby gold, dreaming of imaginary riches.
The warg bites you but does no damage.
The orc warrior shouts!
The orc warrior hits you from afar with a +0 trident.
You die...
Your body crumbles into a pile of gold.

### ##.## $ #... #### $
###.### #..# #.....##
###..##
##......###.#...###
###o......##........#
#ooO@......##......##
#....oh.#.....#...##....
##...oo#####......###...
#...... ##.....####..
....... .#.......###..
....... ..........###...
....#.. ......#.........
...##.##......##........
$ ##...###.........


You could see an orc warlord, a warg, 4 orc warriors, an ogre and an orc.

Vanquished Creatures
  2 ogre magi (Orc:2)
  A hydra (Lair:1)
  8 two-headed ogres
  An unseen horror (D:10)
  2 deep trolls
  3 orc sorcerers
  2 cyclopes
  A komodo dragon (Lair:1)
  8 trolls
  A hornet (D:9)
  Grinder (D:4)
  14 yaks
  A wyvern (D:10)
  Sigmund (D:4)
  2 soldier ants (D:9)
  2 wargs
  3 porcupines
  4 ice beasts
  9 orc warriors
  A swamp drake (D:10)
  22 ogres
  A phantom (D:4)
  5 sky beasts
  Purgy (D:4)
  A necrophage (D:10)
  A centaur (D:9)
  3 crocodiles
  8 bullfrogs
  A water moccasin zombie (D:4)
  A scorpion (D:5)
  8 wights
  A bullfrog zombie (D:8)
  4 crimson imps
  11 orc priests
  4 centaur skeletons
  2 gnoll shamans
  3 hounds
  3 jellies
  2 bullfrog skeletons
  3 iguanas
  11 orc wizards
  3 worker ants
  2 hound skeletons
  A worker ant zombie (D:5)
  A howler monkey skeleton (D:4)
  7 gnolls
  15 adders
  7 river rats (Sewer)
  2 shadow imps (D:8)
  2 oozes (Sewer)
  An adder skeleton (D:5)
  6 worms
  A dart slug (D:3)
  3 leopard geckos
  51 orcs
  12 ball pythons
  3 giant cockroaches
  14 goblins
  12 hobgoblins
  4 jackals (D:9)
  8 kobolds
  5 quokkas
  3 bats
  7 frilled lizards
  2 goblin zombies (D:8)
  2 hobgoblin zombies (D:8)
  A jackal skeleton (D:4)
  A kobold skeleton (D:8)
  3 kobold zombies (D:8)
  A leopard gecko skeleton (D:4)
  4 orc skeletons (D:8)
  2 orc zombies (D:8)
  32 rats
  A fungus (Lair:1)
382 creatures vanquished.

Notes
Turn   | Place    | Note
-------+----------+-------------------------------------------
     0 | D:1      | Flugslaktarn the Minotaur Fighter began the quest for the
                  | Orb.
     0 | D:1      | Reached XP level 1. HP: 19/19 MP: 0/0
   530 | D:1      | Reached XP level 2. HP: 27/27 MP: 1/1
   847 | D:2      | Reached skill level 3 in Axes
   855 | D:2      | HP: 1/27 [poisoned by an adder]
  1153 | D:2      | Reached XP level 3. HP: 27/33 MP: 2/2
  1288 | D:2      | Found a white marble altar of Elyvilon.
  1351 | D:2      | Found an ornate altar of the Wu Jian Council.
  1636 | D:2      | Reached XP level 4. HP: 40/40 MP: 3/3
  2199 | D:3      | Found an opulent altar of Gozag.
  2207 | D:3      | Reached skill level 4 in Axes
  2208 | D:3      | Became a worshipper of Gozag Ym Sagoz the Greedy
  2408 | D:3      | Reached XP level 5. HP: 42/47 MP: 4/4
  2492 | D:3      | Found a faded altar of an unknown god.
  3013 | D:4      | Noticed Purgy
  3022 | D:4      | Reached skill level 5 in Axes
  3032 | D:4      | Reached XP level 6. HP: 43/55 MP: 5/5
  3051 | D:4      | Killed Purgy
  3051 | D:4      | Reached skill level 5 in Fighting
  3051 | D:4      | Reached skill level 5 in Armour
  3051 | D:4      | Reached skill level 5 in Shields
  3234 | D:4      | Noticed Sigmund
  3244 | D:4      | Killed Sigmund
  3244 | D:4      | Reached skill level 6 in Axes
  3244 | D:4      | Reached XP level 7. HP: 61/61 MP: 6/6
  3387 | D:4      | Found an iron altar of Okawaru.
  3551 | D:4      | Noticed Grinder
  3556 | D:4      | Paralysed by Grinder for 4 turns
  3568 | D:4      | Killed Grinder
  3568 | D:4      | Reached skill level 7 in Axes
  3858 | D:5      | Entered Level 5 of the Dungeon
  3866 | D:5      | Found a shimmering blue altar of Sif Muna.
  3874 | D:5      | Reached XP level 8. HP: 49/70 MP: 7/7
  4351 | D:5      | Found a staircase to the Ecumenical Temple.
  4417 | D:5      | Reached skill level 8 in Axes
  4514 | D:5      | Found a shimmering altar of Xom.
  4516 | D:5      | Found a shimmering altar of Xom.
  4516 | D:5      | Found a radiant altar of Vehumet.
  4518 | D:5      | Found a shimmering blue altar of Sif Muna.
  4518 | D:5      | Found an iron altar of Okawaru.
  4518 | D:5      | Found a basalt altar of Yredelemnul.
  4728 | D:5      | Found a stormy altar of Qazlal.
  4772 | D:5      | Found a shattered altar of Ashenzari.
  4775 | D:5      | Found a snail-covered altar of Cheibriados.
  5305 | D:6      | Found a glowing drain.
  5328 | Sewer    | Entered a sewer
  5540 | Sewer    | Reached skill level 9 in Axes
  6078 | D:6      | Found a shadowy altar of Dithmenos.
  6143 | D:6      | Reached XP level 9. HP: 79/79 MP: 8/8
  7210 | D:7      | Reached skill level 10 in Axes
  7694 | D:8      | Found a glowing golden altar of the Shining One.
  8467 | D:9      | Found a blossoming altar of Fedhas.
  8537 | D:8      | Reached skill level 11 in Axes
  8852 | D:8      | Reached XP level 10. HP: 37/90 MP: 9/9
  9267 | D:9      | Found a staircase to the Lair.
  9761 | D:9      | Paralysed by a hornet for 1 turns
  9765 | D:9      | Paralysed by a hornet for 2 turns
  9776 | D:9      | HP: 1/91 [poisoned by a soldier ant]
  9780 | D:9      | Reached skill level 12 in Axes
 10629 | D:10     | Entered Level 10 of the Dungeon
 10935 | D:10     | Found Afuurey's Jewellery Boutique.
 11157 | D:10     | Killed an unseen horror
 11157 | D:10     | Reached XP level 11. HP: 73/99 MP: 10/10
 11308 | D:10     | Found a staircase to the Orcish Mines.
 11451 | D:10     | Reached skill level 10 in Fighting
 11558 | D:10     | Reached skill level 10 in Shields
 11608 | D:10     | Reached skill level 10 in Armour
 11655 | D:10     | Reached skill level 13 in Axes
 12038 | Lair:1   | Entered Level 1 of the Lair of Beasts
 12164 | Lair:1   | Noticed a six-headed hydra
 12178 | Lair:1   | Killed a ten-headed hydra
 12480 | Orc:1    | Entered Level 1 of the Orcish Mines
 12506 | Orc:1    | Noticed an orc sorcerer
 12507 | Orc:1    | Paralysed by an orc sorcerer for 6 turns
 12525 | Orc:1    | Killed an orc sorcerer
 12907 | Orc:1    | Found Muyzxula's Armour Shoppe.
 13342 | Orc:2    | Entered Level 2 of the Orcish Mines
 13342 | Orc:2    | Noticed an orc sorcerer
 13351 | Orc:2    | Paralysed by an orc sorcerer for 4 turns
 13356 | Orc:2    | Killed an orc sorcerer
 13383 | Orc:2    | Noticed a deep troll
 13438 | Orc:2    | Noticed a two-headed ogre
 13797 | Orc:2    | Killed a two-headed ogre
 13800 | Orc:2    | Noticed a two-headed ogre
 13811 | Orc:2    | Killed a two-headed ogre
 13811 | Orc:2    | Reached skill level 14 in Axes
 13818 | Orc:2    | Noticed a two-headed ogre
 13840 | Orc:2    | Killed a two-headed ogre
 13841 | Orc:2    | Noticed a two-headed ogre
 14097 | Orc:2    | Killed a two-headed ogre
 14097 | Orc:2    | Reached XP level 12. HP: 61/110 MP: 11/11
 14100 | Orc:2    | Noticed a two-headed ogre
 14103 | Orc:2    | Noticed a two-headed ogre
 14110 | Orc:2    | Killed a two-headed ogre
 14123 | Orc:1    | Killed a two-headed ogre
 14447 | Orc:2    | Noticed a two-headed ogre
 14449 | Orc:2    | Found Ruorph's Assorted Antiques.
 14459 | Orc:2    | Noticed an ogre mage
 14946 | Orc:1    | Killed a two-headed ogre
 15190 | Orc:1    | Reached skill level 15 in Axes
 15375 | Orc:2    | Killed an ogre mage
 15388 | Orc:2    | Noticed a two-headed ogre
 15390 | Orc:2    | Noticed an ogre mage
 15717 | Orc:2    | Killed a two-headed ogre
 15725 | Orc:2    | Paralysed by an ogre mage for 3 turns
 15734 | Orc:2    | Killed an ogre mage
 16128 | Orc:2    | Found Naskesch's Gadget Boutique.
 16137 | Orc:2    | Found Waejuraf's Book Emporium.
 16140 | Orc:2    | Bought a jewelled broad axe for 315 gold pieces
 16140 | Orc:2    | Identified the +1 broad axe of Usit {venom, +Inv rPois rC+
                  | Dex+2} (You bought it in a shop on level 2 of the Orcish
                  | Mines)
 16151 | Orc:2    | Found Maacluu's Weapon Shop.
 16245 | Orc:2    | Noticed an orc warlord
 16250 | Orc:2    | Paralysed by an orc sorcerer for 7 turns
 16253 | Orc:2    | Slain by an orc warrior

Levels and vault maps discovered:
D:1:      ncdulo_lavacross, layout_loops_ring, item_on_display_a
D:2:      cheibrodos_helix_gallery, layout_loops_ring, lemuel_round_altar,
          elyvilon_altar_3, minmay_goblin_outpost
D:3:      layout_loops_ring, old_standard_altar,
          chequers_ecumenical_altar_island, chequers_mini_garden,
          bh_walls_and_bars
D:4:      layout_rooms, okawaru_trees_2, first_ration, minmay_manual_moon,
          uniq_grinder, uniq_purgy, uniq_sigmund
D:5:      layout_loops_ring, kennysheep_mini, nicolae_overflow_crystal_walls,
          doesnt_xom_only_xom, minitemple, minmay_temple_entry_statues_pillars
D:6:      layout_loops_corners, lemuel_crystal_altar,
          cheibrodos_sewer_entry_drain, corexii_shack
D:7:      layout_basic
D:8:      layout_basic, nicolae_tso_besieged_by_evil
D:9:      layout_cave_pods, fedhas_altar_1, minmay_lair_entry_grove,
          hangedman_pestilent_swarm
D:10:     layout_irregular_city, erik_orc_1, serial_shops, shop
Lair:1:   layout_roguey, st_stairs_4
Orc:1:    layout_diamond_mine, serial_shops, shop, basic_altar,
          nicolae_orc_bridge_out
Orc:2:    st_orc_open, layout_diamond_mine, serial_shops,
          nicolae_shop_competitors_out_of_business

Skill      XL: |  1  2  3  4  5  6  7  8  9 10 11 12 |
---------------+-------------------------------------+-----
Axes           | 3 4 5 6 7 9 11 12 14 15 | 15.6
Shields        | 4 5 6 7 8 9 11 | 11.9
Fighting       | 4 5 6 7 8 9 11 | 11.9
Armour         | 4 5 6 7 8 9 11 | 11.9

Action                   |  1- 3 |  4- 6 |  7- 9 | 10-12 || total
-------------------------+-------+-------+-------+-------++-------
Melee: War axe           |   114 |   128 |   393 |   497 ||  1132
       Headbutt          |     7 |    16 |    78 |   129 ||   230
       Broad axe         |       |       |       |     4 ||     4
Invok: Potion Petition   |       |       |     1 |     2 ||     3
Evoke: Wand              |       |       |       |     7 ||     7
  Use: Scroll            |       |       |       |    14 ||    14
       Potion            |       |       |       |     5 ||     5
 Stab: Distracted        |       |       |     7 |     4 ||    11
  Eat: Chunk             |     2 |     3 |       |       ||     5
       Ration            |       |     1 |     5 |     7 ||    13
Armor: Scale mail        |     9 |       |       |       ||     9
       Chain mail        |    66 |    78 |   196 |    47 ||   387
       Plate armour      |       |       |       |   186 ||   186
Dodge: Dodged            |    36 |    48 |    75 |    99 ||   258
Block: Shield            |    81 |   111 |   207 |   303 ||   702
